 Dungeon Crawl Stone Soup version 0.23-a0-713-ge59bbb1 (webtiles) character file.

4440 Blackhawk the Skirmisher (level 10, -1/78 (79) HPs)
             Began as a Demonspawn Gladiator on Jan 15, 2019.
             Was a Believer of Okawaru.
             Slain by an orc priest
             ... wielding a +0 whip
              (2 damage)
             ... on level 9 of the Dungeon.
             The game lasted 00:14:15 (9459 turns).

Blackhawk the Skirmisher (Demonspawn Gladiator)     Turns: 9459, Time: 00:14:15

HP:   -1/78 (79)    AC: 16    Str: 15 (18) XL:     10   Next: 14%
MP:   10/10         EV:  8    Int:  8 (10) God:    Okawaru [**....]
Gold: 573           SH:  3    Dex: 13 (16) Spells: 9/9 levels left

rFire    . . .     SeeInvis .   b - +0 whip (drain)
rCold    . . .     Gourm    .   t - +0 buckler
rNeg     . . .     Faith    .   A - +0 chain mail
rPois    .         Spirit   .   (helmet restricted)
rElec    .         Reflect  .   u - +2 cloak
rCorr    .         Harm     .   x - +1 pair of gloves {archery}
MR       .....                  (no boots)
Stlth    ..........             (no amulet)
HPRegen  0.23/turn              (no ring)
MPRegen  0.12/turn              (no ring)

@: lethally poisoned (-1 -> -3)
A: claws 2, horns 1, thin skeletal structure 1, shaggy fur 1, spiny 3
a: Heroism, Renounce Religion


You were on level 9 of the Dungeon.
You worshipped Okawaru.
Okawaru was pleased with you.
You were not hungry.

You visited 2 branches of the dungeon, and saw 10 of its levels.

You collected 573 gold pieces.

Inventory:

Hand Weapons
 a - a +0 war axe of flaming
 b - a +0 whip of draining (weapon)
 B - a +0 war axe
Missiles
 d - 5 throwing nets (quivered)
Armour
 c - a +0 helmet
 i - a +0 pair of gloves
 q - a +0 leather armour
 t - a +0 buckler (worn)
 u - a +2 cloak (worn)
 x - a +1 pair of gloves of archery (worn)
 A - a +0 chain mail (worn)
Jewellery
 v - a +4 ring of dexterity {unknown}
 w - an uncursed ring of poison resistance {unknown}
 y - a cursed ring of teleportation {unknown}
 C - an uncursed ring of positive energy {unknown}
Wands
 p - a wand of paralysis (8)
 E - a wand of flame (15)
 G - a wand of random effects (45)
 K - a wand of disintegration (13)
Scrolls
 e - 3 scrolls of remove curse {unknown}
 h - a scroll of amnesia {unknown}
 l - 14 scrolls of identify {unknown}
 m - 4 scrolls of teleportation {unknown}
 s - a scroll of enchant armour
 F - 2 scrolls of fear {unknown}
 H - 2 scrolls of enchant weapon {unknown}
 I - a scroll of vulnerability {unknown}
Potions
 g - 3 potions of mutation
 j - 2 potions of degeneration
 k - 2 potions of heal wounds {unknown}
 n - 3 potions of lignification {unknown}
 o - 3 potions of flight {unknown}
 r - 3 potions of cancellation {unknown}
 z - 2 potions of curing {unknown}
 D - 2 potions of brilliance {unknown}
 L - a potion of ambrosia {unknown}
Comestibles
 f - 26 rations
 J - 17 chunks of flesh


   Skills:
 + Level 7.0 Fighting
 + Level 6.8 Axes
 + Level 6.4 Throwing
 + Level 5.3 Armour
 + Level 6.8 Dodging


You had 9 spell levels left.
You didn't know any spells.
Your spell library contained the following spells:

 Spells                   Type           Power        Failure   Level  Hunger
 Shock                    Conj/Air       #...         100%        1    ##.....
 Swiftness                Chrm/Air       #.......     100%        2    ###....
 Static Discharge         Conj/Air       #.......     100%        3    ####...
 Airstrike                Air            #.........   100%        4    #####..
 Lightning Bolt           Conj/Air       #.........   100%        5    ######.


Dungeon Overview and Level Annotations

Branches:
Dungeon (9/15)             Temple (1/1) D:6
   Lair: D:8-11         Orc: D:9-12

Altars:
Ashenzari
Elyvilon
Gozag
Hepliaklqana
Kikubaaqudgha
Makhleb
Nemelex Xobeh
Okawaru
Qazlal
Ru
Sif Muna
Trog
Uskayaw
Vehumet
Wu Jian
Xom
Zin
The Shining One

Annotations:
D:3 3 runed doors, retro's ghost, weakling MiWr


Innate Abilities, Weirdness & Mutations

You have very sharp fingernails.
You have a somewhat thin skeletal structure. (Dex +2, Stealth)
You are completely covered in sharp spines.
You have a pair of small horns on your head.
You are covered in fur. (AC +1)


Message History

The orc wizard is struck by your spines.
You kill the orc wizard!
Okawaru accepts your kill.
The orc priest calls down the wrath of Beogh upon you.
Beogh smites you!
* * * LOW HITPOINT WARNING * * *
You hear a shout!
As you read the scroll labeled ANEITACIQO, it crumbles to dust.
It is a scroll of enchant armour.
Your +1 cloak glows green for a moment.
The yak is struck by your spines. The yak gores you.
* * * LOW HITPOINT WARNING * * *
It was a potion of degeneration.
There was something very wrong with that liquid.
You feel weakened.
You feel dopey.
You feel clumsy.
* * * LOW HITPOINT WARNING * * *
You feel sick. You block the yak's attack.
The orc priest is struck by your spines.
The orc priest hits you with a +0 whip.
You die...

#..####...####...#
#....####.......##
##..## ##........###
##..###............
##...............
#...##.......##
..T.......#...##.#.####.
.............###........
...##.......Y@oo.##..##.
.. ..#......##o........
.Y.......[###...!....
..#..##....# ###.5....
...##. #....# ......
...... .....# .....).
..... ...#... ..... 5.##


You could see a yak, 2 orc priests, a crimson imp and an orc.

Vanquished Creatures
  Pikel (D:6)
  A hippogriff (D:8)
  5 yaks
  A wyvern (D:8)
  Duvessa (D:7)
  A sky beast (D:6)
  A black bear (D:6)
  A necrophage (D:7)
  4 centaurs
  3 ogres
  A big kobold (D:8)
  A bullfrog (D:5)
  Dowan (D:7)
  2 scorpions (D:8)
  8 killer bees
  An electric eel (D:7)
  4 crimson imps
  A bullfrog zombie (D:9)
  2 jellies
  8 hounds
  A centaur skeleton (D:5)
  3 orc priests
  6 orc wizards
  A gnoll shaman (D:5)
  An iguana (D:4)
  A bullfrog skeleton (D:7)
  Natasha (thrice) (D:3)
  6 worker ants
  A hound zombie (D:8)
  A hound skeleton (D:4)
  A howler monkey zombie (D:8)
  7 adders
  7 gnolls
  A shadow imp (D:6)
  2 worms (D:2)
  5 adder skeletons
  3 dart slugs
  6 leopard geckos
  24 orcs
  2 ball pythons
  5 bats
  3 giant cockroaches
  9 hobgoblins
  9 jackals
  16 kobolds
  A quokka (D:2)
  4 frilled lizards
  6 goblins
  A quokka skeleton (D:6)
  8 rats
192 creatures vanquished.

Notes
Turn   | Place    | Note
-------+----------+-------------------------------------------
     0 | D:1      | Blackhawk the Demonspawn Gladiator began the quest for the
                  | Orb.
     0 | D:1      | Reached XP level 1. HP: 16/16 MP: 1/1
   460 | D:1      | Gained mutation: You are partially covered in sharp spines.
                  | [demonic ancestry]
   460 | D:1      | Reached XP level 2. HP: 22/22 MP: 2/2
   832 | D:2      | Gained mutation: You have sharp fingernails. [demonic
                  | ancestry]
   832 | D:2      | Reached XP level 3. HP: 23/28 MP: 3/3
  1335 | D:2      | Gained mutation: You have a somewhat thin skeletal
                  | structure. (Dex +2, Stealth) [demonic ancestry]
  1335 | D:2      | Reached XP level 4. HP: 29/34 MP: 4/4
  1813 | D:2      | Found an ancient bone altar of Kikubaaqudgha.
  2147 | D:3      | Reached skill level 3 in Fighting
  2249 | D:3      | Found a runed gate.
  2249 | D:3      | Found a runed gate.
  2249 | D:3      | Found a runed gate.
  2256 | D:3      | Noticed Natasha
  2262 | D:3      | Killed Natasha
  2262 | D:3      | Reached XP level 5. HP: 38/41 MP: 5/5
  2376 | D:3      | Noticed Natasha
  2387 | D:3      | Killed Natasha
  2407 | D:3      | Noticed Natasha
  2416 | D:3      | Killed Natasha
  3106 | D:3      | Found a glowing golden altar of the Shining One.
  3200 | D:3      | Noticed retro's ghost (weakling MiWr)
  3278 | D:4      | Noticed a centaur
  3294 | D:4      | Killed a centaur
  3294 | D:4      | Gained mutation: You have very sharp fingernails. [demonic
                  | ancestry]
  3294 | D:4      | Reached XP level 6. HP: 22/47 MP: 6/6
  3631 | D:4      | Reached skill level 1 in Armour
  4161 | D:4      | Gained mutation: You are mostly covered in sharp spines.
                  | [demonic ancestry]
  4161 | D:4      | Reached XP level 7. HP: 49/53 MP: 7/7
  4208 | D:4      | Reached skill level 4 in Fighting
  4502 | D:5      | Entered Level 5 of the Dungeon
  5855 | D:5      | Reached XP level 8. HP: 30/61 MP: 8/8
  6127 | D:6      | Reached skill level 5 in Axes
  6226 | D:6      | Reached skill level 5 in Dodging
  6387 | D:6      | Reached skill level 5 in Fighting
  6680 | D:6      | Noticed Pikel
  6698 | D:6      | Killed Pikel
  6698 | D:6      | Reached skill level 5 in Throwing
  6729 | D:6      | Found a staircase to the Ecumenical Temple.
  6738 | Temple   | Entered the Ecumenical Temple
  6750 | Temple   | Became a worshipper of Warmaster Okawaru
  6932 | D:6      | Reached XP level 9. HP: 69/69 MP: 9/9
  7500 | D:7      | Noticed Duvessa
  7501 | D:7      | Noticed Dowan
  7521 | D:7      | Killed Duvessa
  7528 | D:7      | Killed Dowan
  7659 | D:7      | Reached skill level 6 in Fighting
  7803 | D:7      | Found a hazy altar of Hepliaklqana.
  7943 | D:7      | Found a shimmering altar of Xom.
  7945 | D:7      | Found a sacrificial altar of Ru.
  8225 | D:8      | Found a deep blue altar of Sif Muna.
  8369 | D:8      | Reached * piety under Okawaru
  8697 | D:8      | Found an opulent altar of Gozag.
  9173 | D:9      | Noticed a troll
  9201 | D:8      | Reached skill level 5 in Armour
  9324 | D:8      | Reached ** piety under Okawaru
  9328 | D:8      | Gained mutation: You are completely covered in sharp
                  | spines. [demonic ancestry]
  9328 | D:8      | Reached XP level 10. HP: 63/76 MP: 10/10
  9443 | D:9      | Reached skill level 7 in Fighting
  9457 | D:9      | Gained mutation: You have a pair of small horns on your
                  | head. [potion of mutation]
  9457 | D:9      | Gained mutation: You are covered in fur. (AC +1) [potion of
                  | mutation]
  9458 | D:9      | HP: 1/78 [yak (3)]
  9459 | D:9      | Slain by an orc priest

Vault maps used:
D:1:      sevenhm_arrival_forest_fort_small_4, minmay_tromino_v4_c
D:2:      lemuel_crystal_altar
D:3:      tso_altar, gammafunk_ghost_icy, uniq_natasha
D:4:      minmay_opposing_rooms, first_ration
D:5:      uniq_crazy_yiuf_cottage
D:6:      temple_fountains, uniq_pikel
D:7:      kennysheep_little_box, minitemple, grunt_ogre_cave,
          serial_bayou_pond_d, nicolae_lava_and_water, uniq_duvessa
D:8:      nicolae_gozag_cash_rules_everything_around_me,
          nicolae_overflow_crystal_walls, kennysheep_nub
D:9:      fedhas_altar_decomposition, lemuel_doored_altar, nrook_mini_backslash,
          chequers_serial_rivers_large_a
Temple:   cyrus_circular_temple

Skill      XL: |  1  2  3  4  5  6  7  8  9 10 |
---------------+-------------------------------+-----
Throwing       | 2 3 4 5 6 |  6.4
Axes           | 3 4 5 6 |  6.8
Dodging        | 3 4 5 6 |  6.8
Fighting       | 3 4 5 6 7 |  7.0
Armour         | 1 2 3 5 |  5.3

Action                   |  1- 3 |  4- 6 |  7- 9 | 10-12 || total
-------------------------+-------+-------+-------+-------++-------
Melee: War axe           |    76 |    43 |       |       ||   119
       Whip              |       |    84 |   365 |    34 ||   483
Evoke: Wand              |       |       |     1 |       ||     1
  Use: Potion            |       |       |       |     2 ||     2
       Scroll            |       |       |       |     1 ||     1
 Stab: Sleeping          |       |     3 |       |       ||     3
  Eat: Chunk             |     1 |     9 |    17 |       ||    27
Armor: Leather armour    |    17 |    29 |    27 |       ||    73
       Chain mail        |       |       |   131 |    19 ||   150
Dodge: Dodged            |    50 |    76 |   178 |    15 ||   319
Block: Buckler           |       |     6 |    68 |     7 ||    81

Table legend:
 A = Non-vault XP
 B = Vault XP
 C = Vault XP percentage of total XP
 D = Non-vault monster count
 E = Vault monster count
 F = Vault count percentage of total count
                 A         B        C        D         E       F
            +---------+---------+-------+---------+---------+-------
      Total |    5290 |    1054 |  16.6 |     181 |      11 |   5.7
            +---------+---------+-------+---------+---------+-------
        D:1 |      19 |       3 |  13.6 |      12 |       2 |  14.3
        D:2 |     121 |       0 |   0.0 |      26 |       0 |   0.0
        D:3 |     180 |      35 |  16.3 |      27 |       1 |   3.6
        D:4 |     418 |      64 |  13.3 |      23 |       4 |  14.8
        D:5 |     529 |       0 |   0.0 |      20 |       0 |   0.0
        D:6 |    1054 |     593 |  36.0 |      29 |       1 |   3.3
        D:7 |     267 |     359 |  57.3 |       4 |       3 |  42.9
        D:8 |    2129 |       0 |   0.0 |      31 |       0 |   0.0
        D:9 |     573 |       0 |   0.0 |       9 |       0 |   0.0
            +---------+---------+-------+---------+---------+-------
